 Dungeon Crawl Stone Soup version 0.28.0-49-g6dfe1f597d (webtiles) character file.

Game seed: 2918147901245297812

7 Zeld the Digger (level 2, -2/16 HPs)
             Began as a Gargoyle Earth Elementalist on May 16, 2022.
             Slain by a jackal (3 damage)
             ... on level 1 of the Dungeon.
             The game lasted 00:00:46 (78 turns).

Zeld the Digger (Gargoyle Earth Elementalist)         Turns: 78, Time: 00:00:46

Health: -2/16      AC:  4    Str: 11    XL:     2   Next: 0%
Magic:  1/5        EV: 12    Int: 15    God:
Gold:   14         SH:  0    Dex: 10    Spells: 4/5 levels left

rFire   . . .      SeeInvis .   (no weapon)
rCold   . . .      Faith    .   (no shield)
rNeg    + . .      Spirit   .   b - +0 robe
rPois   ∞          Reflect  .   (no helmet)
rElec   +          Harm     .   (no cloak)
rCorr   .          Rampage  .   (no gloves)
Will    .....                   (no boots)
Stlth   ++........              (no amulet)
HPRegen 0.05/turn               (no ring)
MPRegen 0.09/turn               (no ring)

@: no status effects
A: sickness immunity, AC +2, negative energy resistance 1, electricity
resistance, torment resistance 1, petrification resistance
a: no special abilities


You were on level 1 of the Dungeon.
You visited 1 branch of the dungeon, and saw 1 of its levels.

You collected 14 gold pieces.

Inventory:

Missiles
 c - 24 stones
Armour
 b - a +0 robe (worn)
Potions
 a - a potion of mutation {unknown}


   Skills:
 * Level 0.4 Fighting
 * Level 0.5 Armour
 + Level 1.6 Dodging
 + Level 2.2 Stealth
 * Level 2.0 Spellcasting
 + Level 0.8 Transmutations
 * Level 3.7 Earth Magic


You had 4 spell levels left.
You knew the following spells:

 Your Spells              Type           Power      Damage    Failure   Level
a - Sandblast             Erth           24%        2d8       4%          1

Your spell library contained the following spells:

 Spells                   Type           Power      Damage    Failure   Level
 Passwall                 Tmut/Erth      6%         N/A       13%         2
 Stone Arrow              Conj/Erth      14%        3d7       30%         3
 Petrify                  Tmut/Erth      8%         N/A       65%         4


Dungeon Overview and Level Annotations

Branches:
Dungeon (1/15)

Altars:


Innate Abilities, Weirdness & Mutations

You are immune to sickness and miasma.
Your stone body is resilient. (AC +2)
You are immune to poison.
You resist negative energy. (rN+)
You are resistant to electric shocks. (rElec)
You are resistant to unholy torment.
You are immune to petrification.


Message History

You hit the jackal.
The jackal is moderately wounded.
The jackal closely misses you.
You barely miss the jackal.
The jackal is moderately wounded.
The jackal bites you.
You closely miss the jackal.
The jackal is moderately wounded.
The jackal closely misses you.
The jackal bites you but does no damage.
You hit the jackal but do no damage.
The jackal is moderately wounded.
The jackal barely misses you.
You are too injured to fight recklessly!
You closely miss the jackal.
The jackal is moderately wounded.
The jackal closely misses you. The jackal bites you.
* * * LOW HITPOINT WARNING * * *
You are too injured to fight recklessly!
You hit the jackal.
The jackal is almost dead.
The jackal barely misses you.
You are too injured to fight recklessly!
Casting: Sandblast (safe; 4% risk of failure)
Confirm with . or Enter, or press ? or * to list all spells.
Aiming: Sandblast (safe; 4% risk of failure)
Press: ? - help, Shift-Dir - straight line, f - jackal
Aim: a jackal (almost dead, 74% to hit)
The blast of sand hits the jackal.
You kill the jackal!
c - 24 stones You have reached level 2!
You see here a giant cockroach corpse.
The jackal bites you.
* * * LOW HITPOINT WARNING * * *
The jackal bites you.
* * * LOW HITPOINT WARNING * * *
You see here a bat corpse.
The jackal bites you.
You die...

# ... ######
.....####l.l.#
........†..#†#
.....#######h#
#.. #.....@# #
##.#.#..#
##..#.##.#
##...#.##.#
##....#.##.#
#..#..#....#
##....+.####
##...### ##..#


You could see a jackal and a frilled lizard.

Vanquished Creatures
  A bat (D:1)
  A giant cockroach (D:1)
  3 jackals (D:1)
5 creatures vanquished.

Notes
Turn   | Place    | Note
-------+----------+-------------------------------------------
     0 | D:1      | Zeld the Gargoyle Earth Elementalist began the quest for
                  | the Orb.
     0 | D:1      | Reached XP level 1. HP: 10/10 MP: 3/3
    72 | D:1      | Reached XP level 2. HP: 4/16 MP: 0/5
    78 | D:1      | Slain by a jackal

Illustrated notes

Levels and vault maps discovered:
D:1:      amcnicky_arrival_feature_with_door, layout_basic,
          shapermc_ecumenical_altar_mp_ritualfount

Action                   || total
-------------------------++-------
Melee: Unarmed           ||    23
 Cast: Sandblast         ||     6
Armor: Robe              ||    11
Dodge: Dodged            ||    19
